 Dungeon Crawl Stone Soup version 0.20.0-7-g3b7b877 (webtiles) character file.

3163 Gorglomux the Skirmisher (level 9, -13/81 HPs)
             Began as a Hill Orc Fighter on May 29, 2017.
             Was a Follower of Uskayaw.
             Mangled by a two-headed ogre
             ... wielding a +0 giant spiked club
              (17 damage)
             ... on level 8 of the Dungeon.
             The game lasted 00:06:19 (6561 turns).

Gorglomux the Skirmisher (Hill Orc Fighter)         Turns: 6561, Time: 00:06:20

Health: -13/81     AC: 10    Str: 17    XL:     9   Next: 94%
Magic:  13/13      EV: 10    Int:  8    God:    Uskayaw [*.....]
Gold:   234        SH: 10    Dex: 13    Spells: 8/8 levels left

rFire    . . .     SeeInvis .   T - +1 broad axe (chop)
rCold    + . .     Gourm    .   D - +0 shield
rNeg     . . .     Faith    .   b - +0 scale mail
rPois    .         Spirit   .   (no helmet)
rElec    .         Reflect  .   (no cloak)
rCorr    .         Harm     .   (no gloves)
MR       .....                  (no boots)
Stlth    ..........             (no amulet)
Regen    0.3/turn               l - +2 ring of protection
MPRegen  0.2/turn               c - ring of protection from cold

@: no status effects
A: shaggy fur 1, weak 1
a: Stomp, Renounce Religion


You were on level 8 of the Dungeon.
You worshipped Uskayaw.
Uskayaw was noncommittal.
You were not hungry.

You visited 2 branches of the dungeon, and saw 9 of its levels.

You collected 494 gold pieces.
You spent 260 gold pieces at shops.

Inventory:

Hand Weapons
 a - a +0 war axe
 T - a +1 broad axe of chopping (weapon)
Missiles
 Z - a throwing net (quivered)
Armour
 b - a +0 scale mail (worn)
 D - a +0 shield (worn)
Jewellery
 c - a ring of protection from cold (right hand)
 l - a +2 ring of protection (left hand)
 S - an uncursed amulet of regeneration {unknown}
Scrolls
 h - a scroll of fog
 i - 3 scrolls of remove curse
 k - 2 scrolls of random uselessness {unknown}
 m - 3 scrolls of amnesia
 n - 2 scrolls of noise {unknown}
 s - 3 scrolls of teleportation {unknown}
 G - a scroll of recharging
 R - 5 scrolls of identify
 X - a scroll of magic mapping {unknown}
Potions
 r - a potion of brilliance
 F - a potion of flight
 P - 2 potions of haste
 U - a potion of curing {unknown}
 V - a potion of lignification {unknown}
 W - a potion of resistance {unknown}
 Y - a potion of heal wounds
Books
 A - a book of Misfortune

   Spells                             Type                      Level
   a - Confusing Touch                Hexes                        1
   b - Confuse                        Hexes                        3
   c - Gell's Gravitas                Translocation                3
   d - Petrify                        Transmutation/Earth          4
   e - Metabolic Englaciation         Hexes/Ice                    5
   f - Yara's Violent Unravelling     Hexes/Transmutation          5
Comestibles
 f - 9 bread rations
 z - 5 meat rations
 C - 4 royal jellies
 Q - 7 chunks of flesh


   Skills:
 + Level 7.9 Fighting
 + Level 7.9 Axes
 + Level 7.1 Armour
 + Level 4.2 Dodging
 + Level 7.3 Shields
 + Level 5.8 Invocations


You had 8 spell levels left.
You didn't know any spells.

Dungeon Overview and Level Annotations

Branches:
Dungeon (8/15)             Temple (1/1) D:4
   Lair: D:8-11

Altars:
Ashenzari
Cheibriados
Dithmenos
Elyvilon
Gozag
Hepliaklqana
Kikubaaqudgha
Makhleb
Nemelex Xobeh
Okawaru
Qazlal
Ru
Sif Muna
Trog
Uskayaw
Vehumet
Xom
Yredelemnul
Zin
The Shining One

Shops:
D:4 (   D:5 *   D:7 }


Innate Abilities, Weirdness & Mutations

You are covered in fur. (AC +1)
You are weak. (Str -2)


Message History

A two-headed ogre comes into view.
It is wielding a giant spiked club and a giant club.
The two-headed ogre shouts in stereo!
You hear a chilling moan.
A quasit comes into view.
Unknown command.
There are monsters nearby!
Unknown command.
There are monsters nearby!
Unknown command.
There are monsters nearby!
Unknown command.
Your scale mail prevents you from hitting the two-headed ogre.
The two-headed ogre hits you with a giant spiked club!!
* * * LOW HITPOINT WARNING * * *
You block the two-headed ogre's attack.
You hit the two-headed ogre.
The two-headed ogre is lightly wounded.
The two-headed ogre hits you with a giant spiked club!!
* * * LOW HITPOINT WARNING * * *
The two-headed ogre hits you with a giant club!
You die...

##....... #...#.#..
.. # ##.##.#.# ...#
.# #.##.#.#
5....#### ..#
#.##.#.#
......'.####..#
#.##.#.#
#...[...#..##.......
##O.....#..######..#
#.@#####.)# #..#
#...## #..# #...
##...###..# #..#
#.....#..######.#.
##.......#......##
###.....#........
.####))#.#######
....##'#.#
..........#


You could see a two-headed ogre.

Vanquished Creatures
  Maurice (D:8)
  A hungry ghost (D:7)
  Menkaure (D:6)
  A black bear (D:7)
  A sky beast (D:7)
  2 ice beasts
  2 orc warriors
  A phantom (D:7)
  A necrophage (D:7)
  3 ogres
  2 bullfrogs (D:6)
  A scorpion (D:4)
  2 killer bees (D:8)
  2 howler monkeys (D:4)
  A bullfrog zombie (D:7)
  2 crimson imps
  3 hounds
  9 orc priests
  Ijyb (D:3)
  2 centaur skeletons
  2 iguanas (D:7)
  10 orc wizards
  2 worker ants
  A hound zombie (D:6)
  Robin (D:4)
  A howler monkey zombie (D:7)
  A worker ant zombie (D:5)
  8 adders
  4 gnolls (D:3)
  A howler monkey skeleton (D:5)
  2 shadow imps
  2 oozes
  An adder zombie (D:8)
  An adder skeleton (D:7)
  5 worms
  13 dart slugs
  11 leopard geckos
  40 orcs
  A ball python (D:7)
  4 giant cockroaches
  8 goblins
  12 hobgoblins
  3 kobolds
  4 quokkas
  3 bats (D:1)
  3 frilled lizards
  A leopard gecko skeleton (D:7)
  2 rats (D:3)
186 creatures vanquished.

Notes
Turn   | Place    | Note
-------+----------+-------------------------------------------
     0 | D:1      | Gorglomux the Hill Orc Fighter began the quest for the Orb.
     0 | D:1      | Reached XP level 1. HP: 19/19 MP: 1/1
     2 | D:1      | Noticed a draconian
     2 | D:1      | Noticed a human
     4 | D:1      | Noticed an elf
     4 | D:1      | Noticed a naga
     6 | D:1      | Noticed an octopode
     6 | D:1      | Noticed a centaur
     8 | D:1      | Noticed a formicid
     8 | D:1      | Noticed a minotaur
    10 | D:1      | Noticed a tengu
    12 | D:1      | Noticed a demigod
    12 | D:1      | Noticed a dwarf
    14 | D:1      | Noticed a troll
    16 | D:1      | Noticed a demonspawn
    18 | D:1      | Noticed a ghoul
    18 | D:1      | Noticed an ogre
    20 | D:1      | Noticed a halfling
    20 | D:1      | Noticed a spriggan
    22 | D:1      | Noticed a felid
    22 | D:1      | Noticed a vampire
    24 | D:1      | Noticed a merfolk
    26 | D:1      | Noticed a vine stalker
    26 | D:1      | Noticed a gargoyle
    81 | D:1      | Reached skill level 3 in Axes
    81 | D:1      | Reached XP level 2. HP: 20/27 MP: 2/2
   497 | D:2      | Reached XP level 3. HP: 33/33 MP: 3/3
  1243 | D:3      | Reached skill level 1 in Dodging
  1243 | D:3      | Reached XP level 4. HP: 40/40 MP: 4/4
  1412 | D:3      | Noticed Ijyb
  1416 | D:3      | Gained mutation: You are weak. (Str -2) [potion of mutation]
  1416 | D:3      | Gained mutation: You are covered in fur. (AC +1) [potion of mutation]
  1422 | D:3      | Reached XP level 5. HP: 11/46 MP: 5/5
  1431 | D:3      | Killed Ijyb
  1881 | D:3      | Reached XP level 6. HP: 46/53 MP: 6/6
  2623 | D:4      | Noticed Robin
  2633 | D:4      | Killed Robin
  2698 | D:4      | Found Epainat's Antique Weapon Shop.
  3054 | D:4      | Found a staircase to the Ecumenical Temple.
  3077 | D:4      | Noticed an ice beast
  3084 | D:4      | Killed an ice beast
  3084 | D:4      | Reached XP level 7. HP: 59/61 MP: 7/7
  3096 | Temple   | Entered the Ecumenical Temple
  3245 | Temple   | Became a worshipper of Uskayaw the Reveler
  3354 | D:4      | Reached * piety under Uskayaw
  3393 | D:4      | Reached ** piety under Uskayaw
  3403 | D:4      | Reached skill level 1 in Invocations
  3408 | D:4      | Reached *** piety under Uskayaw
  3419 | D:4      | Reached **** piety under Uskayaw
  3421 | D:4      | Reached ***** piety under Uskayaw
  4118 | D:5      | Entered Level 5 of the Dungeon
  4118 | D:5      | Found a burning altar of Makhleb.
  4389 | D:5      | Found a basalt altar of Yredelemnul.
  4422 | D:5      | Found a shadowy altar of Dithmenos.
  4455 | D:5      | Found a bloodstained altar of Trog.
  4457 | D:5      | Found Toddiy's Assorted Antiques.
  4461 | D:5      | Bought a glowing broad axe for 182 gold pieces
  4461 | D:5      | Bought a scroll of identify for 52 gold pieces
  4461 | D:5      | Bought a scroll labeled GIDERCHESOT for 26 gold pieces
  4618 | D:5      | Reached XP level 8. HP: 69/70 MP: 9/9
  4700 | D:6      | Reached skill level 6 in Fighting
  4734 | D:6      | Reached skill level 6 in Axes
  4794 | D:6      | Found an iron altar of Okawaru.
  4809 | D:6      | Found a sacrificial altar of Ru.
  4812 | D:6      | Found an opulent altar of Gozag.
  4815 | D:6      | Found an ancient bone altar of Kikubaaqudgha.
  5041 | D:6      | Reached skill level 3 in Dodging
  5041 | D:6      | Reached skill level 3 in Invocations
  5238 | D:6      | Noticed Menkaure
  5246 | D:6      | Killed Menkaure
  5246 | D:6      | Reached skill level 6 in Armour
  5246 | D:6      | Reached skill level 6 in Shields
  5822 | D:7      | Reached XP level 9. HP: 78/78 MP: 11/11
  5878 | D:7      | Found Ehourch's Gadget Boutique.
  5996 | D:7      | Found a hazy altar of Hepliaklqana.
  6524 | D:8      | Noticed Maurice
  6534 | D:8      | Killed Maurice
  6557 | D:8      | Noticed a two-headed ogre
  6561 | D:8      | HP: 4/81 [two-headed ogre/giant spiked club (20)]
  6561 | D:8      | Mangled by a two-headed ogre

Skill      XL: |  1  2  3  4  5  6  7  8  9 |
---------------+----------------------------+-----
Axes           | 3 4 5 6 7 |  7.9
Fighting       | 4 5 6 7 |  7.9
Dodging        | 1 2 3 4 |  4.2
Shields        | 4 5 6 7 |  7.3
Armour         | 4 5 6 7 |  7.1
Invocations    | 2 3 5 |  5.8

Action                   |  1- 3 |  4- 6 |  7- 9 || total
-------------------------+-------+-------+-------++-------
Melee: War axe           |    63 |   213 |    85 ||   361
       Unarmed           |       |     5 |       ||     5
       Broad axe         |       |       |   221 ||   221
Invok: Line Pass         |       |       |     1 ||     1
  Use: Potion            |       |     3 |       ||     3
       Scroll            |       |       |     6 ||     6
 Stab: Paralysed         |       |       |    16 ||    16
  Eat: Chunk             |     1 |     6 |    15 ||    22
Armor: Scale mail        |    25 |    96 |   145 ||   266
Dodge: Dodged            |    12 |    70 |   131 ||   213
Block: Shield            |    29 |   126 |   167 ||   322
